 Dungeon Crawl Stone Soup version 0.19.1-28-ge1247f7 (webtiles) character file.

117 Alarkh the Chopper (level 4, 0/35 HPs)
             Began as a Demonspawn Monk on Jan 21, 2017.
             Slain by an orc wizard
             ... wielding a +0 dagger
              (2 damage)
             ... on level 3 of the Dungeon.
             The game lasted 00:03:53 (2899 turns).

Alarkh the Chopper (Demonspawn Monk)                Turns: 2899, Time: 00:03:54

Health: 0/35       AC:  5    Str: 11    XL:     4   Next: 71%
Magic:  0/4        EV: 18    Int: 13    God:
Gold:   65         SH:  0    Dex: 20    Spells: 0 memorised, 3 levels left

rFire  . . .     SeeInvis .     a - +0 hand axe
rCold  + . .     Gourm    .     b - +0 robe
rNeg   . . .     Faith    .     (no shield)
rPois  .         Spirit   +     (no helmet)
rElec  .         Reflect  .     m - +2 cloak
rCorr  .         Harm     .     (no gloves)
MR     .....                    (no boots)
Stlth  +++.......               q - amulet of guardian spirit
                                (no ring)
                                h - ring of protection from cold

@: agile
A: hooves 1, powered by pain 1, sturdy frame 1
a: no special abilities


You were on level 3 of the Dungeon.
You were not hungry.

You visited 1 branch of the dungeon, and saw 3 of its levels.

You collected 65 gold pieces.

Inventory:

Hand Weapons
 a - a +0 hand axe (weapon)
Armour
 b - a +0 robe (worn)
 m - a +2 cloak (worn)
Jewellery
 h - a ring of protection from cold (left hand)
 q - an amulet of guardian spirit (around neck)
Scrolls
 d - a scroll of amnesia
 e - a scroll of identify
 f - a scroll of magic mapping
 g - 2 scrolls of teleportation {unknown}
 k - a scroll of enchant weapon
 l - 2 scrolls of remove curse {unknown}
 n - a scroll of recharging {unknown}
 o - a scroll of enchant armour {unknown}
 r - a scroll of fear
Potions
 i - a potion of mutation
 j - a potion of agility
Comestibles
 c - 3 bread rations
 p - 4 meat rations
 s - a chunk of flesh
 t - a beef jerky


   Skills:
 - Level 3.0 Fighting
 + Level 5.0 Axes
 - Level 2.6 Dodging
 - Level 1.7 Stealth


You had 3 spell levels left.
You didn't know any spells.

Dungeon Overview and Level Annotations

Branches:
Dungeon (3/15)

Altars:
Ashenzari
Dithmenos
Vehumet


Innate Abilities, Weirdness & Mutations

You have large cloven feet.
You sometimes gain a little power by taking damage.
Your movements are slightly less encumbered by armour. (ER -2)


Message History

The orc wizard hits you with a dagger.
You closely miss the orc wizard.
The orc wizard is moderately wounded.
The orc wizard casts a spell at you. The magic dart hits you!
* * * LOW HITPOINT WARNING * * *
The orc wizard closely misses you.
You feel agile all of a sudden. The orc wizard closely misses you.
You hit the orc wizard.
The orc wizard is heavily wounded.
The orc wizard hits you with a dagger.
* * * LOW HITPOINT WARNING * * *
The orc wizard casts a spell at you. The magic dart hits you!
* * * LOW HITPOINT WARNING * * *
You hit the orc wizard. Your kick misses the orc wizard.
The orc wizard is heavily wounded.
The orc wizard hits you with a dagger.
You die...

#. ##'## #.# ##
#.# #.# # #.# #.#
# #### #.# # ..#
#.# # .. #.# #.#
##
....###)#######.#
#.
................#
#.
...####@#########
#. #o# ## #.# ..#
###


You could see an orc wizard.

Vanquished Creatures
  4 adders
  2 oozes (D:1)
  2 worms
  2 dart slugs (D:1)
  A leopard gecko (D:1)
  4 orcs (D:3)
  5 goblins
  6 hobgoblins
  13 jackals
  3 kobolds
  A quokka (D:3)
  2 ball pythons
  4 bats
  3 frilled lizards
  5 rats
57 creatures vanquished.

Notes
Turn   | Place    | Note
-------+----------+-------------------------------------------
     0 | D:1      | Alarkh the Demonspawn Monk began the quest for the Orb.
     0 | D:1      | Reached XP level 1. HP: 18/18 MP: 1/1
   156 | D:1      | Reached skill level 3 in Axes
   242 | D:1      | Gained mutation: You have large cloven feet. [demonic ancestry]
   242 | D:1      | Reached XP level 2. HP: 7/24 MP: 2/2
   787 | D:1      | Gained mutation: Your movements are slightly less encumbered by armour. (ER -2) [demonic ancestry]
   787 | D:1      | Reached XP level 3. HP: 12/29 MP: 3/3
  1105 | D:1      | Reached skill level 4 in Axes
  1971 | D:2      | Gained mutation: You sometimes gain a little power by taking damage. [demonic ancestry]
  1971 | D:2      | Reached XP level 4. HP: 13/35 MP: 1/4
  1992 | D:2      | HP: 1/35 [poisoned by an adder]
  2435 | D:2      | Found a shattered altar of Ashenzari.
  2517 | D:3      | Found a shadowy altar of Dithmenos.
  2517 | D:3      | Found a radiant altar of Vehumet.
  2873 | D:3      | Reached skill level 5 in Axes
  2899 | D:3      | Slain by an orc wizard

Skill      XL: |  1  2  3  4 |
---------------+-------------+-----
Axes           | 3 4 5 |  5.0
Fighting       | |  3.0
Dodging        | |  2.6
Stealth        | |  1.7

Action                   |  1- 3 |  4- 6 || total
-------------------------+-------+-------++-------
Melee: Hand axe          |   163 |    87 ||   250
       Kick              |    34 |    14 ||    48
  Use: Potion            |     4 |     2 ||     6
       Scroll            |     2 |     4 ||     6
 Stab: Sleeping          |     5 |     2 ||     7
  Eat: Chunk             |     2 |     3 ||     5
       Beef jerky        |     1 |       ||     1
Armor: Robe              |    20 |    30 ||    50
Dodge: Dodged            |   108 |    85 ||   193
